 Dungeon Crawl Stone Soup version 0.20-a0-433-g9e36e56 (webtiles) character file.

90 Gorice the Chucker (level 4, 0/33 HPs)
             Began as a Demonspawn Arcane Marksman on Jan 3, 2017.
             Slain by a gnoll
             ... wielding a +0 halberd
              (16 damage)
             ... on level 2 of the Dungeon.
             The game lasted 00:12:46 (3551 turns).

Gorice the Chucker (Demonspawn Arcane Marksman)     Turns: 3551, Time: 00:12:47

Health: 0/33       AC:  8    Str: 11    XL:     4   Next: 32%
Magic:  5/5        EV:  4    Int: 15    God:
Gold:   90         SH:  3    Dex: 13    Spells: 4/5 levels left

rFire  . . .     SeeInvis .     a - +0 short sword
rCold  . . .     Gourm    .     m - +0 chain mail
rNeg   . . .     Faith    .     d - +0 buckler
rPois  .         Spirit   .     (helmet restricted)
rElec  .         Reflect  .     (no cloak)
rCorr  .         Harm     .     (no gloves)
MR     .....                    (no boots)
Stlth  ..........               (no amulet)
                                (no ring)
                                (no ring)

@: heavily drained
A: horns 1, nightstalker 1
a: no special abilities


You were on level 2 of the Dungeon.
You were not hungry.

You visited 1 branch of the dungeon, and saw 2 of its levels.

You collected 90 gold pieces.

Inventory:

Hand Weapons
 a - a +0 short sword (weapon)
 g - a +0 dagger
Missiles
 n - 3 javelins (quivered)
 Z - 49 stones
Armour
 d - a +0 buckler (worn)
 i - a +0 robe
 m - a +0 chain mail (worn)
Jewellery
 j - an uncursed amulet of harm
Scrolls
 c - a scroll of noise {unknown}
 e - a scroll of fear {unknown}
 l - a scroll of blinking {unknown}
Potions
 h - a potion of haste {unknown}
Books
 b - a book of Debilitation
Comestibles
 f - 3 bread rations {!e}
 k - 5 chunks of flesh


   Skills:
 + Level 2.2(0.9) Fighting
 * Level 3.6(2.3) Throwing
 - Level 1.7(0.4) Dodging
 - Level 1.0(0.0) Spellcasting
 - Level 3.0(1.6) Hexes


You had 4 spell levels left.
You knew the following spells:

 Your Spells              Type           Power        Failure   Level  Hunger
a - Corona                Hex            #......      100%        1    ##.....


Dungeon Overview and Level Annotations

Branches:
Dungeon (2/15)

Altars:
Elyvilon


Innate Abilities, Weirdness & Mutations

You have a pair of small horns on your head.
You are slightly more attuned to the shadows.


Message History

You climb downwards.
There is a stone staircase leading up, spattered with blood here.
The worm is too close now for your liking.
You hit the worm.
The worm is lightly wounded.
The worm bites you but does no damage.
You hit the worm.
The worm is moderately wounded.
The worm barely misses you.
You hit the worm. You headbutt the worm.
The worm is heavily wounded.
Your chain mail prevents you from hitting the worm.
The worm is heavily wounded.
The worm barely misses you.
You hit the worm but do no damage. You headbutt the worm.
The worm is severely wounded.
The worm bites you but does no damage.
You hit the worm.
The worm is severely wounded.
You hit the worm.
You kill the worm!
The gnoll closely misses you.
You barely miss the gnoll. The gnoll hits you with a halberd.
Damage: 1 (max 1)
You hit the gnoll. Your headbutt misses the gnoll.
The gnoll is lightly wounded.
You closely miss the gnoll.
The gnoll is lightly wounded.
The gnoll hits you with a halberd.
Damage: 2 (max 2)
You closely miss the gnoll. You headbutt the gnoll.
The gnoll is moderately wounded.
The gnoll hits you with a halberd!
Damage: 8 (max 8)
Your chain mail prevents you from hitting the gnoll.
The gnoll is moderately wounded.
The gnoll hits you with a halberd.
You hit the gnoll but do no damage.
The gnoll is moderately wounded.
The gnoll hits you with a halberd.
* * * LOW HITPOINT WARNING * * *
You are too injured to fight recklessly!
Damage: 7 (max 8)
You are too injured to fight recklessly!
You are too injured to fight recklessly!
You block the gnoll's attack.
You see here 2 stones.
There is an escape hatch in the ceiling here.
The gnoll hits you from afar with a halberd!
You die...

#.# #..#..........#.........
##.## #..#..#.###.#.#.###.#.##
#...# #..#..#.# #.#.#.# #.#.#
#.P.# #..#..#.# #.#.#.# #>#.#
#...# ###.(#..#.###.#.#.# #.#.#
##.#####....(...........>###.#.#
#.# #......#..#####...........#
#)# #.#.##.#.g.## #.#..####.####
#.# #.#.##.....@###.#..........)
#.# #.#.##..........#.#####.###.
#.# #.#.##..................# #.
#.# #.#.##.#...############## #.
#.# #>#.##.##### #. #.# #.#.##.#
##. #.# #.#.##.# #######.. #.#
#.#..#.# #........ #.# #.##.#.#
#.#####..


You could see a gnoll.

Vanquished Creatures
  2 adders (D:2)
  2 gnolls
  A worm (D:2)
  A leopard gecko (D:2)
  4 giant cockroaches
  7 goblins
  7 hobgoblins
  2 jackals (D:1)
  A ball python (D:2)
  6 bats
  4 frilled lizards
  3 kobolds
  10 rats
  A plant (D:1)
51 creatures vanquished.

Notes
Turn   | Place    | Note
-------+----------+-------------------------------------------
     0 | D:1      | Gorice the Demonspawn Arcane Marksman began the quest for the Orb.
     0 | D:1      | Reached XP level 1. HP: 15/15 MP: 2/2
    19 | D:1      | Reached skill level 2 in Throwing
   299 | D:1      | HP: 2/15 [hobgoblin/club (4)]
   576 | D:1      | Gained mutation: You have a pair of small horns on your head. [demonic ancestry]
   576 | D:1      | Reached XP level 2. HP: 11/21 MP: 3/3
  1502 | D:2      | HP: 6/21 [leopard gecko (3)]
  1505 | D:2      | HP: 1/21 [leopard gecko (3)]
  1506 | D:2      | Gained mutation: You are slightly more attuned to the shadows. [demonic ancestry]
  1506 | D:2      | Reached XP level 3. HP: 1/26 MP: 4/4
  1883 | D:2      | Reached skill level 3 in Throwing
  1952 | D:2      | HP: 7/27 [adder (2)]
  1957 | D:2      | HP: 5/27 [poisoned by an adder]
  1965 | D:2      | HP: 4/27 [poisoned by an adder]
  2489 | D:2      | Found a white marble altar of Elyvilon.
  3090 | D:1      | Reached skill level 2 in Fighting
  3153 | D:2      | Reached XP level 4. HP: 16/33 MP: 5/5
  3551 | D:2      | Slain by a gnoll

Vault maps used:
D:1:      nicolae_arrival_memento_mori, serial_forest,
          infiniplex_forest_straight_2, infiniplex_forest_clump_large,
          infiniplex_forest_end_1, infiniplex_forest_clump_small,
          infiniplex_forest_clump_double, infiniplex_forest_clump_large,
          infiniplex_forest_clump_small, infiniplex_forest_join
D:2:      elyvilon_altar_1

Skill      XL: |  1  2  3 |
---------------+----------+-----
Throwing       | 2 3 |  3.6
Fighting       | 2 |  2.2
Dodging        | |  1.7
Spellcasting   | |  1.0
Hexes          | |  3.0

Action                   |  1- 3 |  4- 6 || total
-------------------------+-------+-------++-------
Melee: Unarmed           |   208 |       ||   208
       Headbutt          |    56 |     5 ||    61
       Short sword       |    60 |    23 ||    83
Throw: Javelin           |    28 |       ||    28
       Stone             |   177 |       ||   177
       Throwing net      |     4 |       ||     4
 Stab: Sleeping          |     2 |       ||     2
  Eat: Chunk             |     2 |     2 ||     4
       Bread ration      |     1 |       ||     1
Armor: Robe              |    49 |       ||    49
       Chain mail        |    14 |     9 ||    23
Dodge: Dodged            |   147 |     4 ||   151
Block: Buckler           |     1 |     4 ||     5

Table legend:
 A = Turns spent in this place as a percentage of turns spent in the entire game.
 B = Non-inter-level travel turns spent in this place as a percentage of non-inter-level travel turns spent in the entire game.
 C = Inter-level travel turns spent in this place as a percentage of turns spent in this place.
 D = Turns resting spent in this place as a percentage of non-inter-level travel turns spent in this place.
 E = Turns spent auto-exploring this place as a percentage of non-inter-level travel turns spent in this place.
 F = Non-inter-level travel turns spent in this place divided by the number of levels of this place that you've seen.
                   A       B       C       D       E      F
               +-------+-------+-------+-------+-------+----------------------
         Total | 100.0 | 100.0 |   0.4 |   1.7 |   3.2 | 678.0
       Dungeon | 100.0 | 100.0 |   0.4 |   1.7 |   3.2 | 678.0
               +-------+-------+-------+-------+-------+----------------------

Vault maps used:
D:1:      nicolae_arrival_memento_mori, serial_forest,
          infiniplex_forest_straight_2, infiniplex_forest_clump_large,
          infiniplex_forest_end_1, infiniplex_forest_clump_small,
          infiniplex_forest_clump_double, infiniplex_forest_clump_large,
          infiniplex_forest_clump_small, infiniplex_forest_join
D:2:      elyvilon_altar_1
